 Dungeon Crawl Stone Soup version 0.31-a0-424-g41b3b0883d (webtiles) character file.

Game seed: 14862282498138397211

172901 MacCMillion the Brawler (level 17, -16/264 (268) HPs)
             Began as a Troll Shapeshifter on July 30, 2023.
             Was the Champion of Okawaru.
             Demolished by a pharaoh ant (41 damage)
             ... on level 1 of the Spider Nest.
             The game lasted 01:09:21 (31371 turns).

MacCMillion the Brawler (Troll Shapeshifter)       Turns: 31371, Time: 01:09:22

HP:   -16/264 (268) AC:  4    Str: 37 (41) XL:     17   Next: 17%
MP:   20/20         EV:  9    Int:  3 (4)  God:    Okawaru [******]
Gold: 2433          SH:  0    Dex:  7 (12) Spells: 16/16 levels left

rFire   + +          .
                       - Unarmed
rCold   x . .        (shield currently unavailable)
rNeg    . . .        o - melded +2 robe of the Untouchables {MP+9}
rPois   +            (helmet currently unavailable)
rElec   .            (cloak currently unavailable)
rCorr   +            (gloves unavailable)
SInv    .            (boots unavailable)
Will    +....        N - amulet of regeneration
Stlth   +            y - ring of resist corrosion
HPRegen 2.24/turn    L - +4 ring of protection
MPRegen 0.17/turn

%: no passive effects
@: dragon-form, corroded, flying, hasted, lightly drained, very quick
A: dragon claw, dragon scales, breathe fire, flying, boosted hp, giant,
unfitting armour, (claws 3), regeneration 1, (shaggy fur 1), (tough skin 1)
}: 1/15 runes: decaying
a: Breathe Fire, Begin Untransformation, Renounce Religion, Heroism, Finesse,
Duel


You were on level 1 of the Spider Nest.
You worshipped Okawaru.
Okawaru was exalted by your worship.
You were a fearsome dragon!
You visited 6 branches of the dungeon, and saw 28 of its levels.
You visited the Abyss 1 time.

You collected 2713 gold pieces.
You spent 280 gold pieces at shops.

Inventory:

Missiles
 q - 23 large rocks
 v - 26 boomerangs
 A - a throwing net
 C - 5 javelins
 H - 4 curare-tipped darts
 W - 6 silver javelins
 Y - 12 atropa-tipped darts
Armour
 o - the +2 robe of the Untouchables (melded) {MP+9}
   (You found it on level 3 of the Dungeon)

   MP:        It affects your magic capacity (+9).
Jewellery
 g - a ring of see invisible
 t - a ring of poison resistance
 y - a ring of resist corrosion (left foreclaw)
 G - a +5 ring of evasion
 I - a ring of positive energy
 L - a +4 ring of protection (right foreclaw)
 N - an amulet of regeneration (around neck)
 P - a ring of protection from cold
 Q - a ring of fire
Talismans
 p - a dragon-blood talisman (active)
 r - a serpent talisman
Wands
 c - a wand of roots (8)
 l - a wand of light (22)
 u - a wand of digging (13)
 E - a wand of polymorph (29)
 O - a wand of flame (35)
 V - a wand of mindburst (21)
Scrolls
 d - 2 scrolls of blinking
 e - 8 scrolls of teleportation
 f - 2 scrolls of revelation
 h - 2 scrolls of poison
 i - 2 scrolls of enchant weapon
 n - 2 scrolls of fear
 w - 4 scrolls of fog
 x - 2 scrolls of vulnerability
 F - 2 scrolls of immolation
 J - 2 scrolls of noise
 S - 2 scrolls of enchant armour
 U - 2 scrolls of torment
 Z - a scroll of brand weapon
Potions
 a - 8 potions of heal wounds
 b - 2 potions of lignification
 j - 5 potions of ambrosia
 k - 6 potions of haste
 m - 2 potions of attraction
 s - a potion of magic
 z - 4 potions of enlightenment
 B - 2 potions of resistance
 D - 9 potions of brilliance
 K - 3 potions of invisibility {unknown}
 R - 5 potions of curing
 T - a potion of experience {unknown}
 X - a potion of mutation {unknown}


   Skills:
 + Level 13.6 Fighting
 - Level 10.0 Dodging
 - Level 16.5 Unarmed Combat
 - Level 6.0 Invocations
 + Level 15.6 Shapeshifting


You had 16 spell levels left.
You didn't know any spells.
Your spell library contained the following spells:

 Spells                   Type           Power      Damage    Failure   Level
 Sandblast                Erth           0%         2d4       52%         1
 Slow                     Hex            0%         N/A       52%         1
 Blink                    Tloc           0%         N/A       67%         2
 Cigotuvi's Dreadful Rot  Necr/Pois/Air  0%         N/A       67%         2
 Ensorcelled Hibernation  Hex/Ice        0%         N/A       67%         2
 Lesser Beckoning         Tloc           0%         N/A       67%         2
 Passwall                 Tmut/Erth      0%         N/A       67%         2
 Confusing Touch          Hex            0%         N/A       88%         3
 Dazzling Flash           Conj/Hex       0%         N/A       88%         3
 Frozen Ramparts          Ice            0%         1d1       88%         3
 Gell's Gravitas          Tloc           0%         N/A       88%         3
 Ignite Poison            Fire/Tmut/Pois 0%         N/A       88%         3
 Inner Flame              Hex/Fire       0%         N/A       88%         3
 Stone Arrow              Conj/Erth      0%         3d7       88%         3
 Swiftness                Air            0%         N/A       88%         3
 Teleport Other           Tloc           0%         N/A       88%         3
 Vampiric Draining        Necr           0%         2d6       88%         3
 Vhi's Electric Charge    Tloc/Air       0%         N/A       88%         3
 Volatile Blastmotes      Fire/Tloc      0%         2d10      88%         3
 Anguish                  Hex/Necr       0%         N/A       99%         4
 Flame Wave               Conj/Fire      0%         2d4       99%         4
 Manifold Assault         Tloc           0%         N/A       99%         4
 Petrify                  Tmut/Erth      0%         N/A       99%         4
 Sticky Flame             Conj/Fire      0%         2d3       99%         4
 Arcjolt                  Conj/Air       0%         1d10      100%        5
 Fireball                 Conj/Fire      0%         3d3       100%        5
 Freezing Cloud           Conj/Ice/Air   0%         6-21      100%        5
 Iskenderun's Battlesphe  Conj           0%         2d6       100%        5
 Metabolic Englaciation   Hex/Ice        0%         N/A       100%        5
 Conjure Ball Lightning   Conj/Air       0%         3x3d6     100%        6
 Leda's Unmaking          Conj/Erth      0%         9d1       100%        6
 Starburst                Conj/Fire      0%         6d3       100%        6
 Orb of Destruction       Conj           0%         9d5       100%        7
 Maxwell's Capacitive Co  Air            0%         ∞         100%        8
 Chain Lightning          Conj/Air       0%         N/A       100%        9
 Fire Storm               Conj/Fire      0%         5d1       100%        9
 Shatter                  Erth           0%         3d5*      100%        9
 Spellforged Servitor     Conj/Summ      Unusable   N/A       N/A         7

Dungeon Overview and Level Annotations

Branches:
Dungeon (15/15)            Temple (1/1) D:6            Lair (5/5) D:9
  Swamp (4/4) Lair:3       Spider (1/4) Lair:3          Orc (2/2) D:10
    Elf (0/3) Orc:2        Vaults (0/5) D:14         Depths (0/4) D:15
  Slime: Lair:4-5

Altars:
Ashenzari
Cheibriados
Dithmenos
Elyvilon
Fedhas
Gozag
Hepliaklqana
Kikubaaqudgha
Makhleb
Nemelex Xobeh
Okawaru
Qazlal
Ru
Sif Muna
Trog
Uskayaw
Vehumet
Wu Jian
Xom
Yredelemnul
Zin
The Shining One

Shops:
D:4 [   D:9 *   D:12 *   Orc:2 :*=**

Portals:
Trove: D:10 (give +7 demon whip)

Annotations:
D:4 Sigmund
D:13 2 transporters, Dahifo's ghost, journeyman TrMo
Orc:1 2 transporters, Impy's ghost, journeyman OpSh


Innate Abilities, Weirdness & Mutations

You are a fearsome dragon!
You have a powerful clawing attack.
Your giant scaled body is strong and resiliant, but less evasive.
You can breathe fire.
You are flying.
Your maximum health is greatly increased.
Your armour is entirely melded.
You are incapable of wielding weapons or throwing items.
You are too large for most types of armour.
((You have claws for hands.))
Your natural rate of healing is unusually fast.
((You are covered in fur. (AC +1)))
((You have tough skin. (AC +1)))


Message History

The entropy weaver barely misses you. The entropy weaver hits you!
You barely miss the entropy weaver.
Your tail-slap misses the entropy weaver.
Your claw misses the entropy weaver. Your bite misses the entropy weaver.
The entropy weaver is almost dead.
The redback bites you! The redback bites you. The entropy weaver hits you.
The entropy weaver barely misses you. The entropy weaver hits you! x2
The pharaoh ant bites you!!
The redback bites you but does no damage.
You maul the entropy weaver!!!
You kill the entropy weaver!
Okawaru accepts your kill. The redback bites you!
The tarantella barely misses you. The pharaoh ant bites you!
You feel drained.
* * * LOW HITPOINT WARNING * * *
The redback bites you!
* * * LOW HITPOINT WARNING * * *
Unknown command.
The pharaoh ant attacks as you move away!
The pharaoh ant bites you but does no damage.
The redback bites you but does no damage.
The culicivora bites you!
* * * LOW HITPOINT WARNING * * *
The culicivora draws strength from your injuries!
The redback completely misses you.
Unknown command.
As you read the scroll of fear, it crumbles to dust.
You assume a fearsome visage.
The pharaoh ant is unaffected.
The tarantella looks frightened! x2; The culicivora looks frightened!
The tarantella looks frightened!
The redback looks frightened! x2
The pharaoh ant attacks as you move away!
The pharaoh ant bites you!!
* * * LOW HITPOINT WARNING * * *
Press: ? - help, v - describe, . - travel
Here: a pharaoh ant The floor, spattered with blood.
You feel yourself speed up. The pharaoh ant bites you.
* * * LOW HITPOINT WARNING * * *
You feel drained. The pharaoh ant bites you!!!
You die...

.....####..#^.....#
#..####...?...[..#
..#..s.............#
........^..........#
#.................##
...................#
.#..........##.....#
....##.....B.#.....#
.... #s...#D.......#
.. ######.[......# .
#####†........#
#.^##.........#
####...††^...##..#
#.###.#††#†...^..#
###....#...†.......#
#.....#............#
#...........†.^....#


You could see a culicivora (fleeing) and a pharaoh ant.

Vanquished Creatures
  Bai Suzhen (Swamp:3)
  the Lernaean hydra (Swamp:4)
  Rupert (Lair:5)
  3 tentacled starspawn (Abyss:2)
  Donald (Swamp:2)
  2 ghost moths (Spider:1)
  A stone giant (D:15)
  6 eleionomae
  3 bunyips
  A spark wasp (Spider:1)
  Josephine (Orc:1)
  2 shambling mangroves
  An entropy weaver (Spider:1)
  A fire dragon (Lair:5)
  Harold (D:9)
  Fannar (D:10)
  19 hydras
  A vault guard (D:14)
  2 catoblepae
  A ghost crab (Swamp:2)
  5 boulder beetles
  A two-headed ogre (D:9)
  2 tengu warriors (D:15)
  10 death yaks
  9 alligators
  5 centaur warriors
  Urug (Lair:2)
  A demonic crawler (Lair:3)
  A thrashing horror (Abyss:2)
  2 large abominations (Abyss:2)
  A skyshark (Lair:3)
  Sonja (D:11)
  10 spriggans
  A fire crab (Lair:5)
  4 goliath frogs
  5 skeletal warriors
  7 spriggan druids
  A pharaoh ant (Lair:3)
  2 orb spiders
  2 wizards (D:14)
  12 swamp dragons
  3 deep elf pyromancers
  4 bog bodies
  5 wolf spiders
  5 orc knights
  A steelbarb worm (Spider:1)
  11 starcursed masses (Abyss:2)
  4 cyclopes
  An orc sorcerer (D:10)
  6 will-o-the-wisps
  5 ugly things
  5 black mambas
  Maurice (D:10)
  9 elephants
  2 molten gargoyles (Lair:5)
  An apocalypse crab (Abyss:2)
  A guardian serpent (Abyss:2)
  11 cane toads
  A torpor snail (Spider:1)
  2 smoke demons (Abyss:2)
  A gargoyle (D:14)
  2 efreet (D:14)
  An unseen horror (D:11)
  17 komodo dragons
  An ancient zyme (Abyss:2)
  3 meliai (D:14)
  3 tengu conjurers
  Prince Ribbit (Lair:3)
  4 tarantellas
  7 hornets
  8 trolls
  12 tyrant leeches
  23 blink frogs
  6 slime creatures
  A centaur simulacrum (D:15)
  2 shadows (D:10)
  4 jumping spiders (Spider:1)
  2 small abominations (Abyss:2)
  5 wyverns
  49 yaks
  8 wraiths
  10 culicivoras
  2 fire bats (Abyss:2)
  4 basilisks
  A chaos spawn (Abyss:2)
  A human (D:15)
  2 hogs (D:15)
  A neqoxec (Abyss:2)
  6 steam dragons
  17 vampire mosquitoes
  10 wargs
  13 redbacks
  19 swamp worms
  4 acid dragons
  A harpy simulacrum (D:13)
  23 water moccasins
  5 hell hounds (Lair:5)
  2 ice beasts
  12 swamp drakes
  A black bear (shapeshifter) (D:14)
  39 orc warriors
  A sky beast (D:8)
  5 wolves
  7 ogres
  5 centaurs
  3 phantoms
  A kobold brigand (D:10)
  Blork the orc (D:4)
  2 gnoll sergeants
  13 bullfrogs
  A scorpion (D:4)
  5 wights
  A vampire bat (D:4)
  4 electric eels
  10 howler monkeys
  4 lava snakes (Lair:5)
  2 jellies
  12 orc priests
  A hound (D:6)
  2 sleepcaps
  A gnoll bouda (D:9)
  3 iguanas
  Ijyb (D:3)
  17 orc wizards
  18 gnolls
  19 adders
  A white imp (D:5)
  2 ufetubi
  A worm (D:7)
  5 dart slugs
  90 orcs
  5 ball pythons
  6 bats
  3 bat skeletons (D:4)
  3 bat zombies (D:4)
  9 endoplasms
  5 giant cockroaches
  2 goblins
  9 hobgoblins
  5 jackals
  6 quokkas
  9 frilled lizards
  10 kobolds
  7 rats
  A butterfly (D:6)
862 creatures vanquished.

Vanquished Creatures (others)
  Kirke (D:15)
  An eleionoma (Swamp:2)
  A spriggan druid (Swamp:2)
  A bloated husk (Swamp:2)
  A centaur simulacrum (D:14)
  An orc (Orc:1)
  12 foxfires
  3 lurking horrors (Abyss:2)
  4 starspawn tentacles (Abyss:2)
25 creatures vanquished.

Grand Total: 887 creatures vanquished

Notes
Turn   | Place    | Note
-------+----------+-------------------------------------------
     0 | D:1      | MacCMillion the Troll Shapeshifter began the quest for the
                  | Orb.
     0 | D:1      | Reached XP level 1. HP: 18/18 MP: 0/0
   384 | D:1      | Reached XP level 2. HP: 25/26 MP: 1/1
   500 | D:1      | Reached skill level 4 in Unarmed Combat
   926 | D:2      | Reached XP level 3. HP: 32/32 MP: 2/2
  1538 | D:2      | Reached skill level 5 in Unarmed Combat
  1538 | D:2      | Reached XP level 4. HP: 39/40 MP: 3/3
  1728 | D:3      | Found a faded altar of an unknown god.
  1732 | D:3      | Found a hazy altar of Hepliaklqana.
  1791 | D:3      | Identified the +2 robe of the Untouchables {MP+9}
  1800 | D:3      | Reached XP level 5. HP: 41/46 MP: 4/4
  1814 | D:3      | Reached skill level 6 in Unarmed Combat
  2299 | D:3      | Found an ornate altar of the Wu Jian Council.
  2302 | D:3      | Noticed Ijyb
  2364 | D:3      | Killed Ijyb
  2547 | D:3      | You fall into a shaft and drop 3 floors!
  2554 | D:6      | Noticed a water moccasin
  2562 | D:6      | Killed a water moccasin
  2563 | D:6      | Reached skill level 7 in Unarmed Combat
  2563 | D:6      | Reached XP level 6. HP: 54/54 MP: 5/5
  2579 | D:6      | Noticed a water moccasin
  2593 | D:6      | Killed a water moccasin
  2738 | D:5      | Entered Level 5 of the Dungeon
  2887 | D:5      | Noticed an ice beast
  3107 | D:3      | Found an ornate altar of the Wu Jian Council.
  3165 | D:4      | Reached skill level 8 in Unarmed Combat
  3165 | D:4      | Reached XP level 7. HP: 43/61 MP: 6/6
  3569 | D:4      | Found Reluas's Antique Armour Emporium.
  3783 | D:4      | Noticed Sigmund
  3799 | D:4      | Reached skill level 9 in Unarmed Combat
  3908 | D:4      | Noticed Blork the orc
  3916 | D:4      | Killed Blork the orc
  4059 | D:4      | Found an ancient bone altar of Kikubaaqudgha.
  4417 | D:5      | Reached XP level 8. HP: 52/68 MP: 7/7
  5637 | D:6      | Reached skill level 5 in Shapeshifting
  5829 | D:6      | Found a bloodstained altar of Trog.
  6052 | D:6      | Found a staircase to the Ecumenical Temple.
  6178 | Temple   | Entered the Ecumenical Temple
  6188 | Temple   | Became a worshipper of Warmaster Okawaru
  6418 | D:6      | Found a shadowy altar of Dithmenos.
  6617 | D:7      | Reached XP level 9. HP: 69/75 MP: 8/8
  6622 | D:7      | Reached * piety under Okawaru
  7053 | D:7      | Reached skill level 10 in Unarmed Combat
  7159 | D:7      | Reached ** piety under Okawaru
  7219 | D:7      | Found a snail-covered altar of Cheibriados.
  7250 | D:7      | Noticed a troll
  7259 | D:7      | Killed a troll
  7541 | D:8      | Found a blossoming altar of Fedhas.
  7548 | D:7      | Paralysed by a hornet for 1 turns
  7550 | D:7      | Reached skill level 11 in Unarmed Combat
  7799 | D:8      | Found a glowing silver altar of Zin.
  7960 | D:8      | Reached *** piety under Okawaru
  7961 | D:8      | Reached XP level 10. HP: 83/83 MP: 7/9
  7966 | D:8      | Reached skill level 1 in Fighting
  8420 | D:9      | Noticed Harold
  8685 | D:9      | Found a staircase to the Lair.
  8699 | D:9      | Reached **** piety under Okawaru
  8808 | D:9      | Found a stormy altar of Qazlal.
  9103 | D:9      | Found Ytypnek's Serpentskin Sales.
  9141 | D:9      | Killed Harold
  9142 | D:9      | Reached skill level 10 in Shapeshifting
  9549 | D:10     | Entered Level 10 of the Dungeon
  9653 | D:10     | Reached skill level 5 in Fighting
  9666 | D:10     | Reached ***** piety under Okawaru
  9667 | D:10     | Reached XP level 11. HP: 97/104 MP: 6/10
  9930 | D:10     | Found a broken altar of Ashenzari.
  9973 | D:9      | Noticed a centaur warrior
  9979 | D:9      | Killed a centaur warrior
 10048 | D:9      | Noticed a centaur warrior
 10156 | D:9      | Noticed a two-headed ogre
 10167 | D:9      | Killed a two-headed ogre
 10167 | D:9      | Identified the -1 kite shield "Batogg" {Dex+3} (Okawaru
                  | gifted it to you on level 9 of the Dungeon)
 10167 | D:9      | Received a gift from Okawaru
 10261 | D:10     | Noticed Maurice
 10283 | D:10     | Killed Maurice
 10531 | D:10     | Found a staircase to the Orcish Mines.
 11152 | D:10     | Found a portal to a secret trove of treasure.
 11223 | D:10     | Found a basalt altar of Yredelemnul.
 11490 | D:11     | Noticed Sonja
 11521 | D:11     | Killed Sonja
 12046 | Lair:1   | Entered Level 1 of the Lair of Beasts
 12186 | Lair:1   | Reached XP level 12. HP: 119/119 MP: 11/11
 12984 | Lair:2   | Noticed a death yak
 12984 | Lair:2   | Noticed a death yak
 12984 | Lair:2   | Noticed a catoblepas
 12985 | Lair:2   | Noticed a death yak
 12986 | Lair:2   | Noticed a death yak
 12987 | Lair:2   | Noticed a death yak
 13313 | Lair:2   | Killed a catoblepas
 13313 | Lair:2   | Reached ****** piety under Okawaru
 13592 | Lair:2   | Noticed an eight-headed hydra
 13733 | Lair:2   | Killed an eight-headed hydra
 13733 | Lair:2   | Received a gift from Okawaru
 13761 | Lair:2   | Reached skill level 5 in Dodging
 13819 | Lair:2   | Noticed a death yak
 13987 | Lair:2   | Killed a death yak
 13995 | Lair:2   | Killed a death yak
 13998 | Lair:2   | Killed a death yak
 14003 | Lair:2   | Killed a death yak
 14004 | Lair:2   | Reached skill level 10 in Fighting
 14010 | Lair:2   | Killed a death yak
 14011 | Lair:2   | Reached skill level 1 in Invocations
 14012 | Lair:2   | Identified the +2 war axe of Dividends {venom, Int+4}
                  | (Okawaru gifted it to you on level 2 of the Lair of Beasts)
 14012 | Lair:2   | Received a gift from Okawaru
 14017 | Lair:2   | Killed a death yak
 14156 | Lair:2   | Noticed a boulder beetle
 14181 | Lair:2   | Killed a boulder beetle
 14182 | Lair:2   | Reached XP level 13. HP: 133/133 MP: 14/14
 14223 | Lair:2   | Noticed Urug
 14230 | Lair:2   | Killed Urug
 14457 | Lair:2   | Reached skill level 5 in Invocations
 14522 | Lair:3   | Noticed Prince Ribbit
 14579 | Lair:3   | Killed Prince Ribbit
 14601 | Lair:3   | Received a gift from Okawaru
 15026 | Lair:3   | Found a staircase to the Swamp.
 15195 | Lair:3   | Found a hole to the Spider Nest.
 15224 | Lair:3   | Got Cerebov's Vellum of Pyromancy
 15532 | Lair:4   | Identified the +0 cloak of Failure {Will+ rCorr} (Okawaru
                  | gifted it to you on level 4 of the Lair of Beasts)
 15532 | Lair:4   | Received a gift from Okawaru
 15762 | Lair:4   | Reached skill level 12 in Unarmed Combat
 15973 | Lair:4   | Reached XP level 14. HP: 143/143 MP: 17/17
 16067 | Lair:4   | Found an iron altar of Okawaru.
 16491 | Lair:5   | Entered Level 5 of the Lair of Beasts
 16756 | Lair:5   | Noticed Rupert
 16765 | Lair:5   | Killed Rupert
 16765 | Lair:5   | Received a gift from Okawaru
 17275 | Lair:5   | Found a large runed translucent door.
 17275 | Lair:5   | Found a large runed translucent door.
 17750 | Orc:1    | Entered Level 1 of the Orcish Mines
 17752 | Orc:1    | Noticed Fannar
 17768 | D:10     | Reached skill level 13 in Unarmed Combat
 17840 | D:10     | Killed Fannar
 17848 | Orc:1    | Identified the +0 cloak of Edask {+Inv Int+5} (Okawaru
                  | gifted it to you on level 1 of the Orcish Mines)
 17848 | Orc:1    | Received a gift from Okawaru
 17913 | Orc:1    | Noticed Impy's ghost (journeyman OpSh)
 17914 | Orc:1    | Found a bloodstained altar of Trog.
 17915 | Orc:1    | Found a transporter.
 17957 | Orc:1    | Found a transporter.
 17984 | Orc:1    | Noticed Josephine
 18002 | Orc:1    | Killed Josephine
 18243 | Orc:2    | Entered Level 2 of the Orcish Mines
 18426 | Orc:2    | Found Sourues's Jewellery Emporium.
 18981 | Orc:2    | Found Cisafiwn's Assorted Antiques.
 18981 | Orc:2    | Found Cocky's Assorted Antiques.
 19173 | Orc:2    | Found a staircase to the Elven Halls.
 19304 | Orc:2    | Found Tuwul's Book Shoppe.
 19304 | Orc:2    | Found Tobimai's Assorted Antiques.
 20065 | D:12     | Found Liamu's Gadget Gallery.
 20212 | D:13     | Found a transporter.
 20216 | D:13     | Noticed Dahifo's ghost (journeyman TrMo)
 20233 | D:13     | Found a transporter.
 20522 | D:13     | Received a gift from Okawaru
 20604 | D:13     | Reached XP level 15. HP: 154/154 MP: 18/18
 20929 | D:13     | Found a transporter.
 20950 | D:13     | Found a transporter.
 22303 | Abyss:2  | Cast into level 2 of the Abyss (a wizard)
 22400 | Abyss:2  | Reached skill level 14 in Unarmed Combat
 22440 | Abyss:2  | Noticed a tentacled starspawn
 22450 | Abyss:2  | Killed a tentacled starspawn
 22493 | Abyss:2  | Noticed a dread lich
 22511 | Abyss:2  | Found a corrupted altar of Lugonu.
 22607 | Abyss:2  | Noticed a tentacled starspawn
 22628 | Abyss:2  | Killed a tentacled starspawn
 22698 | Abyss:2  | Noticed a tentacled starspawn
 22704 | Abyss:2  | Killed a tentacled starspawn
 22728 | Abyss:2  | Noticed a daeva
 22941 | D:14     | Escaped the Abyss
 23017 | D:14     | Found a white marble altar of Elyvilon.
 23528 | D:14     | Found a gate to the Vaults.
 23782 | D:15     | Entered Level 15 of the Dungeon
 23831 | D:15     | Received a gift from Okawaru
 23927 | D:15     | Identified the +1 robe of Heagh {rN+ SInv} (Okawaru gifted
                  | it to you on level 15 of the Dungeon)
 23927 | D:15     | Received a gift from Okawaru
 23962 | D:15     | Found a staircase to the Depths.
 24137 | D:15     | Noticed Kirke
 24161 | D:15     | Killed Kirke
 24162 | D:15     | Reached skill level 15 in Unarmed Combat
 24744 | D:9      | Bought a ring of poison resistance for 280 gold pieces
 24869 | Swamp:1  | Entered Level 1 of the Swamp
 25711 | Swamp:2  | Reached XP level 16. HP: 124/165 MP: 19/19
 26444 | Swamp:2  | Identified the +3 troll leather armour of the Jabberwock
                  | {-Cast rPois rC+ Regen+ Str+7} (Okawaru gifted it to you on
                  | level 2 of the Swamp)
 26444 | Swamp:2  | Received a gift from Okawaru
 27206 | Swamp:3  | Noticed Bai Suzhen
 27207 | Swamp:3  | Noticed Donald
 27221 | Swamp:2  | Killed Donald
 27256 | Swamp:3  | Killed Bai Suzhen
 27511 | Swamp:3  | Reached skill level 16 in Unarmed Combat
 29165 | Swamp:4  | Entered Level 4 of the Swamp
 29213 | Swamp:3  | Reached skill level 15 in Shapeshifting
 29414 | Swamp:4  | Received a gift from Okawaru
 29695 | Swamp:4  | Noticed the 27-headed Lernaean hydra
 29729 | Swamp:4  | Killed the 26-headed Lernaean hydra
 29738 | Swamp:4  | Received a gift from Okawaru
 29769 | Swamp:4  | Reached skill level 10 in Dodging
 29823 | Swamp:4  | Got a decaying rune of Zot
 30107 | Spider:1 | Entered Level 1 of the Spider Nest
 30517 | Lair:3   | Reached XP level 17. HP: 178/178 MP: 20/20
 30681 | Spider:1 | Identified the +1 robe "Bujaozuo" {Will++ Regen+ Stlth+}
                  | (Okawaru gifted it to you on level 1 of the Spider Nest)
 30681 | Spider:1 | Received a gift from Okawaru
 31371 | Spider:1 | Demolished by a pharaoh ant

Illustrated notes

Levels and vault maps discovered:
D:1:      dpeg_arrival_water_fire, layout_basic, chequers_serial_rivers_room_a,
          lexackson_kobold_supper
D:2:      layout_loops_ring
D:3:      minmay_diamond_boxcup, layout_loops_ring,
          beargit_hepliaklqana_dungeon_heroes, nzn_wu_jian_contemplation,
          uniq_ijyb
D:4:      layout_loops_corners, kennysheep_vampire_church, serial_shops, shop,
          amcnicky_mini_rare_corridor_liquid, uniq_sigmund, uniq_blork_the_orc
D:5:      layout_loops_ring, minmay_misc_feat_x
D:6:      layout_basic, old_standard_altar, grunt_dithmenos_shadows,
          minmay_temple_entry_butterflies
D:7:      layout_basic, chei_slow_surprise
D:8:      layout_basic, mainiacjoe_overflow_tiny_flanked,
          mainiacjoe_overflow_alcove_2, serial_curves, eino_curves_01,
          eino_curves_03
D:9:      minmay_klotski, layout_small_grid, nicolae_overflow_crystal_walls,
          erik_lair_orcish_takeover, guppyfry_shop_venom, uniq_harold
D:10:     wad_woods_pond, layout_cross, lemuel_crystal_altar,
          general_overflow_altar, david_orc_2, enter_trove_3, uniq_maurice
D:11:     layout_basic, fountainhead, uniq_sonja
D:12:     layout_rooms, nicolae_shop_gadgets
D:13:     layout_cave_pools, gammafunk_ghost_berserking_beasts
D:14:     layout_loops_ring, david_vaults_5, elyvilon_altar_4
D:15:     grunt_enter_depths_snipers, layout_rooms, minivault_5, uniq_kirke
Temple:   jpeg_temple_clearing
Lair:1:   layout_regular_city, chequers_serial_rivers_large_a,
          cheibrodos_lair_reptile_den
Lair:2:   hellmonk_destroyed_diamonds, layout_cave_shapes, uniq_urug
Lair:3:   minmay_lair_venomous_thicket, layout_misc_corridors,
          palyth_hydra_swamp_entry, nicolae_spider_entry_orb_guardian,
          uniq_prince_ribbit2
Lair:4:   layout_hall_layers, basic_altar
Lair:5:   cheibrodos_lair_end_hotspot, layout_cave_pods, slime_entry_1,
          uniq_rupert
Swamp:1:  nicolae_swamp_wrong_neighborhood, layout_basic_swamp,
          nicolae_swamp_fairy_circle
Swamp:2:  layout_basic_swamp, hangedman_swamp_ruin_hall
Swamp:3:  nicolae_swamp_tree_isthmus, layout_falls_marsh,
          evilmike_swamp_ruin_house_3, swamp_pool4, infiniplex_staircase_pool,
          uniq_donald, uniq_bai_suzhen
Swamp:4:  swamp_basic_johnstein, layout_basic_swamp
Spider:1: layout_spider_delve, uniq_jorgrun
Orc:1:    layout_caves, gammafunk_ghost_wrathful_warriors, basic_altar,
          uniq_fannar, uniq_josephine
Orc:2:    st_orc_town, layout_caves, serial_shops, shop

Skill      XL: |  1  2  3  4  5  6  7  8  9 10 11 12 13 14 15 16 |
---------------+-------------------------------------------------+-----
Unarmed Combat | 4 5 7 8 9 11 12 13 15 16 | 16.5
Shapeshifting  | 6 8 10 12 13 14 15 | 15.6
Fighting       | 5 8 10 11 12 13 | 13.6
Dodging        | 6 7 8 10 | 10.0
Invocations    | 3 6 |  6.0

Action                     |  1- 3 |  4- 6 |  7- 9 | 10-12 | 13-15 | 16-18 || total
---------------------------+-------+-------+-------+-------+-------+-------++-------
  Melee: Unarmed           |    90 |   124 |   216 |   439 |  1119 |   403 ||  2391
         Punch             |     1 |     2 |     6 |       |       |    17 ||    26
         Constrict         |       |       |    15 |   103 |   196 |    37 ||   351
         Tailslap          |       |       |       |       |       |    34 ||    34
         Bite              |       |       |       |       |       |    21 ||    21
 Invoke: Heroism           |       |       |       |     1 |     3 |     4 ||     8
         Finesse           |       |       |       |       |       |     3 ||     3
Ability: Breathe Fire      |       |       |       |       |       |     3 ||     3
  Evoke: Wand              |       |       |     4 |     1 |     1 |     3 ||     9
    Use: Scroll            |       |     3 |     4 |     9 |     9 |     6 ||    31
         Potion            |       |       |       |     4 |     2 |     2 ||     8
   Stab: Sleeping          |       |       |     1 |       |       |       ||     1
         Invisible         |       |       |       |     1 |     1 |     1 ||     3
         Distracted        |       |       |       |       |       |     1 ||     1
 Armour: Animal skin       |    35 |    14 |       |       |       |       ||    49
         Robe              |       |    24 |    44 |       |       |       ||    68
         Skin              |       |       |    13 |   173 |   428 |   267 ||   881
  Dodge: Dodged            |    40 |    43 |    75 |   187 |   871 |   355 ||  1571
   Form: Anaconda          |       |       |     2 |       |     1 |       ||     3
                           |       |       |     1 |       |     1 |     1 ||     3
         Beast             |       |       |       |       |     1 |       ||     1
         Dragon            |       |       |       |       |       |     1 ||     1

Table legend: (Time is in decaauts)
 A = Elapsed time spent in this place.
 B = Non-inter-level travel time spent in this place.
 C = Inter-level travel time spent in this place.
 D = Time resting spent in this place.
 E = Time spent auto-exploring this place.
 F = Levels seen in this place.
 G = Mean time per level.
                   A        B        C        D        E       F      G
               +--------+--------+--------+--------+--------+-----+--------+
         Total |  30869 |  28638 |   2231 |   8915 |  13550 |  29 | 1064.4 |
       Dungeon |  16475 |  15159 |   1316 |   3362 |   8829 |  15 | 1098.3 |
        Temple |     21 |     21 |      0 |      0 |      0 |   1 |   21.0 |
          Lair |   6402 |   5747 |    655 |   2079 |   2399 |   5 | 1280.4 |
         Swamp |   5061 |   4845 |    216 |   2564 |   1325 |   4 | 1265.2 |
   Spider Nest |    627 |    627 |      0 |    348 |     59 |   1 |  627.0 |
  Orcish Mines |   1667 |   1624 |     43 |    308 |    870 |   2 |  833.5 |
         Abyss |    614 |    614 |      0 |    253 |     68 |   1 |  614.0 |
               +--------+--------+--------+--------+--------+-----+--------+

Top non-repeatable levels by time:
    D:10: 1863 daAuts
  Lair:3: 1834 daAuts
    D:13: 1792 daAuts
 Swamp:2: 1697 daAuts
 Swamp:1: 1630 daAuts
     D:6: 1480 daAuts
  Lair:1: 1365 daAuts
     D:9: 1291 daAuts
     D:4: 1223 daAuts
  Lair:2: 1192 daAuts
     D:3: 1122 daAuts
  Lair:5: 1091 daAuts
   Orc:2: 1086 daAuts
     D:5: 1054 daAuts
     D:7: 1042 daAuts
